TOP OF THE 1ST |
Waterbury Rough Riders batting - Pitching for Elmira Pioneers : RHP Carlos Cruz
|
Pitching: RHP Carlos Cruz
|
|
Batting: RHB David Corman
|
0-0: Called Strike 0-1: Foul Ball, location: 2F 0-2: Ball 1-2: Ball 2-2: Foul Ball, location: 2F 2-2: Strikes out swinging, 2-3 out at first.
|
Batting: RHB Jack Fimple
|
0-0: Ball 1-0: Ball 2-0: Foul Ball, location: 2F 2-1: Ball 3-1: Swinging Strike 3-2: Strikes out swinging
|
Batting: RHB Billy Beane
|
0-0: Ball 1-0: Ball 2-0: Ball 3-0: Base on Balls
|
Batting: RHB john W Russell
|
0-0: Ball 1-0: Foul Ball, location: 2F 1-1: Swinging Strike 1-2: Strikes out swinging
|
Top of the 1st over - 0 runs, 0 hits, 0 errors, 1 left on base; Waterbury 0 - Elmira 0 |
BOTTOM OF THE 1ST |
Elmira Pioneers batting - Pitching for Waterbury Rough Riders : RHP Mathew McArow
|
Pitching: RHP Mathew McArow
|
|
Batting: RHB Ken Dowell
|
0-0: Ball 1-0: Swinging Strike 1-1: Ball 2-1: Called Strike 2-2: Strikes out looking
|
Batting: RHB Mark Wasinger
|
0-0: Ball 1-0: SINGLE (Groundball, 6MS, EV 68.8 MPH) (infield hit)
|
Batting: RHB Richard Givens
|
0-0: Called Strike 0-1: Fly out, F7 (Line Drive, 7, EV 108.1 MPH)
|
Batting: RHB Greg Keatley
|
0-0: Called Strike 0-1: Ball 1-1: Ball 2-1: Ball 3-1: Fly out, F8 (Line Drive, 8RD, EV 95.6 MPH)
|
Bottom of the 1st over - 0 runs, 1 hit, 0 errors, 1 left on base; Waterbury 0 - Elmira 0 |
TOP OF THE 2ND |
Waterbury Rough Riders batting - Pitching for Elmira Pioneers : RHP Carlos Cruz
|
Pinch Hitting: RHB John Pyle
|
0-0: Called Strike 0-1: Ball 1-1: Called Strike 1-2: Foul Ball, location: 2F 1-2: SINGLE (Groundball, 34D, EV 100.0 MPH)
|
Batting: LHB David Blume
|
0-0: Ball 1-0: Called Strike 1-1: Fly out, F7 (Flyball, 78M, EV 83.8 MPH)
|
Batting: RHB Daniel Purpura
|
0-0: Ball 1-0: Grounds into double play, 6-4-3 (Groundball, 6S, EV 90.0 MPH)
|
Top of the 2nd over - 0 runs, 1 hit, 0 errors, 0 left on base; Waterbury 0 - Elmira 0 |
BOTTOM OF THE 2ND |
Elmira Pioneers batting - Pitching for Waterbury Rough Riders : RHP Mathew McArow
|
Now in LF: Gary Skow
|
|
Batting: RHB Edwin Rodriguez
|
0-0: Ball 1-0: Foul Ball, location: 2F 1-1: Ball 2-1: Swinging Strike 2-2: Ball 3-2: SINGLE (Groundball, 6M, EV 100.6 MPH) (infield hit)
|
Batting: SHB Esteban Mendez
|
0-0: Ball 1-0: Swinging Strike 1-1: Ball 2-1: Fly out, F8 (Flyball, 8LS, EV 91.9 MPH)
|
Batting: LHB Juan Flores
|
0-0: Ball 1-0: Fly out, F9 (Line Drive, 9D, EV 88.1 MPH)
|
Batting: RHB Curtis Cannedy
|
0-0: Ball Edwin Rodriguez is caught stealing 2nd base 2-4
|
Bottom of the 2nd over - 0 runs, 1 hit, 0 errors, 0 left on base; Waterbury 0 - Elmira 0 |
TOP OF THE 3RD |
Waterbury Rough Riders batting - Pitching for Elmira Pioneers : RHP Carlos Cruz
|
Batting: LHB Wilson Tucker
|
0-0: Called Strike 0-1: Called Strike 0-2: Ground out 4-3 (Groundball, 4, EV 82.5 MPH)
|
Batting: RHB Joseph Pocoroba
|
0-0: Called Strike 0-1: Swinging Strike 0-2: Strikes out swinging
|
Batting: RHB David Corman
|
0-0: Ball 1-0: Called Strike 1-1: Ball 2-1: Fly out, F1 (Line Drive, P, EV 68.8 MPH)
|
Top of the 3rd over - 0 runs, 0 hits, 0 errors, 0 left on base; Waterbury 0 - Elmira 0 |
BOTTOM OF THE 3RD |
Elmira Pioneers batting - Pitching for Waterbury Rough Riders : RHP Mathew McArow
|
Batting: RHB Curtis Cannedy
|
0-0: Ball 1-0: Ball 2-0: Foul Ball, location: 2F 2-1: Fly out, F9 (Flyball, 9, EV 86.3 MPH)
|
Batting: LHB German Barranca
|
0-0: DOUBLE (Flyball, 8RXD, EV 106.3 MPH)
|
Batting: RHB Ken Dowell
|
0-0: Ball 1-0: Ball 2-0: Foul Ball, location: 2F 2-1: Called Strike 2-2: Foul Ball, location: 2F 2-2: Foul Ball, location: 2F 2-2: Ball 3-2: SINGLE (Flyball, 78S, EV 92.5 MPH) - OUT at second base trying to stretch hit. German Barranca scores
|
Batting: RHB Mark Wasinger
|
0-0: Swinging Strike 0-1: Called Strike 0-2: Ball 1-2: Strikes out looking
|
Bottom of the 3rd over - 1 run, 2 hits, 0 errors, 0 left on base; Waterbury 0 - Elmira 1 |
TOP OF THE 4TH |
Waterbury Rough Riders batting - Pitching for Elmira Pioneers : RHP Carlos Cruz
|
Batting: RHB Jack Fimple
|
0-0: Called Strike 0-1: Swinging Strike 0-2: Ball 1-2: Strikes out swinging
|
Batting: RHB Billy Beane
|
0-0: Ball 1-0: SINGLE (Groundball, 56S, EV 71.9 MPH) (infield hit)
|
Batting: RHB john W Russell
|
0-0: Called Strike 0-1: Ball 1-1: Grounds into double play, 4-6-3 (Groundball, 4MS, EV 79.4 MPH)
|
Top of the 4th over - 0 runs, 1 hit, 0 errors, 0 left on base; Waterbury 0 - Elmira 1 |
BOTTOM OF THE 4TH |
Elmira Pioneers batting - Pitching for Waterbury Rough Riders : RHP Mathew McArow
|
Batting: RHB Richard Givens
|
0-0: Ball 1-0: Called Strike 1-1: Ball 2-1: DOUBLE (Line Drive, 89D, EV 109.4 MPH)
|
Batting: RHB Greg Keatley
|
0-0: Ball 1-0: Ball 2-0: Called Strike 2-1: DOUBLE (Line Drive, 78XD, EV 107.5 MPH) Richard Givens scores
|
Batting: RHB Edwin Rodriguez
|
0-0: Swinging Strike 0-1: Ball 1-1: Ball 2-1: Ground out 4-3 (Groundball, 4M, EV 103.8 MPH) Greg Keatley to third
|
Batting: SHB Esteban Mendez
|
0-0: Called Strike 0-1: Fly out, F8 (Line Drive, 8LM, EV 93.8 MPH) Runner from 3rd tags up, OUT at HOME! 8-2
|
Bottom of the 4th over - 1 run, 2 hits, 0 errors, 0 left on base; Waterbury 0 - Elmira 2 |
TOP OF THE 5TH |
Waterbury Rough Riders batting - Pitching for Elmira Pioneers : RHP Carlos Cruz
|
Batting: RHB Gary Skow
|
0-0: Foul Ball, location: 2F 0-1: Ball 1-1: Ground out 4-3 (Groundball, 34, EV 105.0 MPH)
|
Batting: LHB David Blume
|
0-0: Ball 1-0: Swinging Strike 1-1: Swinging Strike 1-2: Foul Ball, location: 2F 1-2: Strikes out swinging
|
Batting: RHB Daniel Purpura
|
0-0: Foul Ball, location: 2F 0-1: Ball 1-1: Fly out, F9 (Flyball, 89S, EV 88.1 MPH)
|
Top of the 5th over - 0 runs, 0 hits, 0 errors, 0 left on base; Waterbury 0 - Elmira 2 |
BOTTOM OF THE 5TH |
Elmira Pioneers batting - Pitching for Waterbury Rough Riders : RHP Mathew McArow
|
Batting: LHB Juan Flores
|
0-0: Foul Ball, location: 2F 0-1: Ball 1-1: Swinging Strike 1-2: Ball 2-2: Foul Ball, location: 2F 2-2: Fly out, F8 (Flyball, 8RD, EV 93.8 MPH)
|
Batting: RHB Curtis Cannedy
|
0-0: Called Strike 0-1: Foul Ball, location: 2F 0-2: Ball 1-2: SINGLE (Groundball, 6D, EV 101.3 MPH)
|
Batting: LHB German Barranca
|
0-0: Called Strike 0-1: Ball 1-1: Fly out, F8 (Flyball, 8LS, EV 86.9 MPH)
|
Batting: RHB Ken Dowell
|
0-0: Ball 1-0: Ball 2-0: Called Strike 2-1: Ground out 6-3 (Groundball, 56, EV 103.8 MPH)
|
Bottom of the 5th over - 0 runs, 1 hit, 0 errors, 1 left on base; Waterbury 0 - Elmira 2 |
TOP OF THE 6TH |
Waterbury Rough Riders batting - Pitching for Elmira Pioneers : RHP Carlos Cruz
|
Batting: LHB Wilson Tucker
|
0-0: Ball 1-0: Foul Ball, location: 2F 1-1: Ground out 6-3 (Groundball, 6, EV 79.4 MPH)
|
Batting: RHB Joseph Pocoroba
|
0-0: Ball 1-0: Foul Ball, location: 2F 1-1: Ball 2-1: SINGLE (Line Drive, 7S, EV 109.4 MPH)
|
Batting: RHB David Corman
|
0-0: Foul Ball, location: 2F 0-1: Ball 1-1: Swinging Strike 1-2: Strikes out swinging
|
Batting: RHB Jack Fimple
|
0-0: Called Strike 0-1: Ball 1-1: Fly out, F8 (Flyball, 8RD, EV 104.4 MPH)
|
Top of the 6th over - 0 runs, 1 hit, 0 errors, 1 left on base; Waterbury 0 - Elmira 2 |
BOTTOM OF THE 6TH |
Elmira Pioneers batting - Pitching for Waterbury Rough Riders : RHP Mathew McArow
|
Batting: RHB Mark Wasinger
|
0-0: Ball 1-0: Ball 2-0: Called Strike 2-1: Fly out, F5 (Flyball, 5D, EV 88.1 MPH)
|
Batting: RHB Richard Givens
|
0-0: Swinging Strike 0-1: Foul Ball, location: 2F 0-2: Ball 1-2: Foul Ball, location: 2F 1-2: Ball 2-2: Foul Ball, location: 2F 2-2: Ball 3-2: Base on Balls
|
Batting: RHB Greg Keatley
|
0-0: Ball 1-0: Foul Ball, location: 2F 1-1: Foul Ball, location: 2F 1-2: SINGLE (Line Drive, 78S, EV 88.8 MPH) Richard Givens to second
|
Batting: RHB Edwin Rodriguez
|
0-0: Ball 1-0: Called Strike 1-1: Fielders Choice at 2nd, 5-4 (Groundball, 56, EV 105.6 MPH) Richard Givens to third
|
Batting: SHB Esteban Mendez
|
0-0: Called Strike 0-1: Ball 1-1: Ball 2-1: Ball 3-1: Base on Balls Edwin Rodriguez to second
|
Batting: LHB Juan Flores
|
0-0: Ball 1-0: Ball 2-0: Swinging Strike 2-1: Ball 3-1: Ground out 6-3 (Groundball, 4MD, EV 99.4 MPH)
|
Bottom of the 6th over - 0 runs, 1 hit, 0 errors, 3 left on base; Waterbury 0 - Elmira 2 |
TOP OF THE 7TH |
Waterbury Rough Riders batting - Pitching for Elmira Pioneers : RHP Carlos Cruz
|
Batting: RHB Billy Beane
|
0-0: Foul Ball, location: 2F 0-1: Ball 1-1: Swinging Strike 1-2: Strikes out swinging
|
Batting: RHB john W Russell
|
0-0: Called Strike 0-1: Called Strike 0-2: Fly out, F8 (Flyball, 8RM, EV 90.6 MPH)
|
Batting: RHB Gary Skow
|
0-0: Reached on error, E5 (Groundball, 5, EV 81.9 MPH)
|
Batting: LHB David Blume
|
0-0: Ball 1-0: Ball 2-0: Foul Ball, location: 2F 2-1: Ball 3-1: Swinging Strike 3-2: Strikes out looking
|
Top of the 7th over - 0 runs, 0 hits, 1 error, 1 left on base; Waterbury 0 - Elmira 2 |
BOTTOM OF THE 7TH |
Elmira Pioneers batting - Pitching for Waterbury Rough Riders : RHP Mathew McArow
|
Batting: RHB Curtis Cannedy
|
0-0: Called Strike 0-1: Ball 1-1: Fly out, F3 (Popup, 3SF, EV 78.8 MPH)
|
Batting: LHB German Barranca
|
0-0: Ball 1-0: Ball 2-0: Called Strike 2-1: DOUBLE (Line Drive, 7LS, EV 94.4 MPH)
|
Batting: RHB Ken Dowell
|
0-0: Ball 1-0: Fly out, F9 (Line Drive, 9, EV 97.5 MPH)
|
Batting: RHB Mark Wasinger
|
0-0: Foul Ball, location: 2F 0-1: Ball 1-1: Called Strike 1-2: Foul Ball, location: 2F 1-2: Ball 2-2: Ball 3-2: Base on Balls
|
Batting: RHB Richard Givens
|
0-0: Fly out, F7 (Line Drive, 7, EV 91.3 MPH)
|
Bottom of the 7th over - 0 runs, 1 hit, 0 errors, 2 left on base; Waterbury 0 - Elmira 2 |
TOP OF THE 8TH |
Waterbury Rough Riders batting - Pitching for Elmira Pioneers : RHP Carlos Cruz
|
Batting: RHB Daniel Purpura
|
0-0: Swinging Strike 0-1: Ball 1-1: Foul Ball, location: 2F 1-2: Ball 2-2: Ball 3-2: DOUBLE (Flyball, 89XD, EV 105.6 MPH)
|
Batting: LHB Wilson Tucker
|
0-0: Called Strike 0-1: Swinging Strike 0-2: Ball 1-2: Foul Ball, location: 2F 1-2: DOUBLE (Line Drive, 89D, EV 110.0 MPH) Daniel Purpura scores
|
Pinch Hitting: LHB Mike Lebo
|
0-0: Foul Ball, location: 2F 0-1: Ball 1-1: Ball 2-1: Foul Ball, location: 2F 2-2: Foul Ball, location: 2F 2-2: Strikes out looking
|
Batting: RHB David Corman
|
0-0: Foul Ball, location: 2F 0-1: Foul Ball, location: 2F 0-2: SINGLE (Line Drive, 6D, EV 107.5 MPH) Wilson Tucker to third Runner from 3rd tries for Home, SAFE, throw by CF to home
|
Batting: RHB Jack Fimple
|
0-0: Ball David Corman steals 2nd base 1-0: Called Strike 1-1: Ball 2-1: Swinging Strike 2-2: Strikes out swinging
|
Batting: RHB Billy Beane
|
0-0: Ball 1-0: Ball 2-0: Ball 3-0: Base on Balls
|
Batting: RHB john W Russell
|
0-0: Called Strike 0-1: Ball 1-1: Swinging Strike 1-2: Fly out, F8 (Flyball, 8LD, EV 103.1 MPH)
|
Top of the 8th over - 2 runs, 3 hits, 0 errors, 2 left on base; Waterbury 2 - Elmira 2 |
BOTTOM OF THE 8TH |
Elmira Pioneers batting - Pitching for Waterbury Rough Riders : RHP Mathew McArow
|
Now at SS: Jose Quiroz
|
|
Batting: RHB Greg Keatley
|
0-0: Ball 1-0: Swinging Strike 1-1: Ball 2-1: Foul Ball, location: 2F 2-2: Ball 3-2: Fly out, F4 (Flyball, 34D, EV 85.6 MPH)
|
Batting: RHB Edwin Rodriguez
|
0-0: Ball 1-0: Ball 2-0: Foul Ball, location: 2F 2-1: Ball 3-1: Fly out, F4 (Popup, 23, EV 84.4 MPH)
|
Batting: SHB Esteban Mendez
|
0-0: Ball 1-0: Fly out, F8 (Flyball, 8LS, EV 95.6 MPH)
|
Bottom of the 8th over - 0 runs, 0 hits, 0 errors, 0 left on base; Waterbury 2 - Elmira 2 |
TOP OF THE 9TH |
Waterbury Rough Riders batting - Pitching for Elmira Pioneers : RHP Carlos Cruz
|
Pitching: RHP Alejandro Gallardo
|
|
Batting: RHB Gary Skow
|
0-0: Ball 1-0: Called Strike 1-1: Swinging Strike 1-2: Ball 2-2: Strikes out swinging
|
Batting: LHB David Blume
|
0-0: Ball 1-0: Ball 2-0: Ball 3-0: Base on Balls
|
Batting: RHB Daniel Purpura
|
0-0: Foul Ball, location: 2F 0-1: SINGLE (Flyball, 3D, EV 91.9 MPH) David Blume to second
|
Batting: LHB Wilson Tucker
|
0-0: Ball 1-0: Sac Bunt to 15 - play at first, batter OUT! 1-3 David Blume to third Daniel Purpura to second
|
Batting: RHB Jose Quiroz
|
0-0: Foul Ball, location: 2F 0-1: Foul Ball, location: 2F 0-2: Ball 1-2: Ball 2-2: Strikes out swinging
|
Top of the 9th over - 0 runs, 1 hit, 0 errors, 2 left on base; Waterbury 2 - Elmira 2 |
BOTTOM OF THE 9TH |
Elmira Pioneers batting - Pitching for Waterbury Rough Riders : RHP Mathew McArow
|
Batting: LHB Juan Flores
|
0-0: Ball 1-0: Ground out 4-3 (Groundball, 4, EV 88.1 MPH)
|
Pinch Hitting: LHB Neil Fiala
|
0-0: Ball 1-0: Ground out 1-3 (Groundball, P, EV 71.3 MPH)
|
Batting: LHB German Barranca
|
0-0: Ball 1-0: Ball 2-0: Ball 3-0: Called Strike 3-1: Called Strike 3-2: Fly out, F3 (Line Drive, 3, EV 61.9 MPH)
|
Bottom of the 9th over - 0 runs, 0 hits, 0 errors, 0 left on base; Waterbury 2 - Elmira 2 |
TOP OF THE 10TH |
Waterbury Rough Riders batting - Pitching for Elmira Pioneers : RHP Alejandro Gallardo
|
Now in CF: Ron Stinnett
|
|
Batting: RHB David Corman
|
0-0: DOUBLE (Line Drive, 7LS, EV 107.5 MPH)
|
Batting: RHB Jack Fimple
|
0-0: Ball 1-0: Ball 2-0: Called Strike 2-1: Ball 3-1: Foul Ball, location: 2F 3-2: Strikes out looking
|
Batting: RHB Billy Beane
|
0-0: Swinging Strike 0-1: Ball 1-1: Foul Ball, location: 2F 1-2: Strikes out looking
|
Batting: RHB john W Russell
|
0-0: Ball 1-0: Reached on error, E5 (Groundball, 56, EV 80.0 MPH) David Corman to third
|
Batting: RHB Gary Skow
|
0-0: Called Strike 0-1: Ball 1-1: Ball 2-1: Swinging Strike 2-2: Fly out, F9 (Line Drive, 9, EV 96.3 MPH)
|
Top of the 10th over - 0 runs, 1 hit, 1 error, 2 left on base; Waterbury 2 - Elmira 2 |
BOTTOM OF THE 10TH |
Elmira Pioneers batting - Pitching for Waterbury Rough Riders : RHP Mathew McArow
|
Pitching: RHP John Maxson
|
|
Batting: RHB Ken Dowell
|
0-0: Ball 1-0: Foul Ball, location: 2F 1-1: Foul Ball, location: 2F 1-2: Foul Ball, location: 2F 1-2: Ground out 3-1 (Groundball, 34S, EV 82.5 MPH)
|
Batting: RHB Mark Wasinger
|
0-0: Ball 1-0: Ball 2-0: Swinging Strike 2-1: Foul Ball, location: 2F 2-2: Ground out 6-3 (Groundball, 6, EV 83.1 MPH)
|
Batting: RHB Richard Givens
|
0-0: Ball 1-0: Fly out, F9 (Flyball, 9LD, EV 90.6 MPH)
|
Bottom of the 10th over - 0 runs, 0 hits, 0 errors, 0 left on base; Waterbury 2 - Elmira 2 |
TOP OF THE 11TH |
Waterbury Rough Riders batting - Pitching for Elmira Pioneers : RHP Alejandro Gallardo
|
Batting: LHB David Blume
|
0-0: Foul Ball, location: 2F 0-1: Foul Ball, location: 2F 0-2: Strikes out swinging
|
Batting: RHB Daniel Purpura
|
0-0: Foul Ball, location: 2F 0-1: Foul Ball, location: 2F 0-2: Ball 1-2: Ball 2-2: Ground out 4-3 (Groundball, 34, EV 88.1 MPH)
|
Batting: LHB Wilson Tucker
|
0-0: Ground out 1-3 (Groundball, 23, EV 66.3 MPH)
|
Top of the 11th over - 0 runs, 0 hits, 0 errors, 0 left on base; Waterbury 2 - Elmira 2 |
BOTTOM OF THE 11TH |
Elmira Pioneers batting - Pitching for Waterbury Rough Riders : RHP John Maxson
|
Batting: RHB Greg Keatley
|
0-0: Called Strike 0-1: Fly out, F8 (Line Drive, 8LD, EV 95.0 MPH)
|
Batting: RHB Edwin Rodriguez
|
0-0: Ball 1-0: Ball 2-0: Ball 3-0: Called Strike 3-1: Base on Balls
|
Batting: SHB Esteban Mendez
|
0-0: Called Strike Edwin Rodriguez steals 2nd base (no throw) 0-1: Ball 1-1: Ball 2-1: Fly out, F7 (Flyball, 7D, EV 90.6 MPH) Runner from 2nd tags up, SAFE at 3rd, no throw by LF
|
Batting: LHB Juan Flores
|
0-0: Intentional Walk
|
Batting: RHB Ron Stinnett
|
0-0: Ball 1-0: Called Strike 1-1: Foul Ball, location: 2F 1-2: Strikes out swinging
|
Bottom of the 11th over - 0 runs, 0 hits, 0 errors, 2 left on base; Waterbury 2 - Elmira 2 |
TOP OF THE 12TH |
Waterbury Rough Riders batting - Pitching for Elmira Pioneers : RHP Alejandro Gallardo
|
Batting: RHB Jose Quiroz
|
0-0: Ball 1-0: Foul Ball, location: 2F 1-1: Ball 2-1: Ground out 4-3 (Groundball, 34, EV 88.8 MPH)
|
Batting: RHB David Corman
|
0-0: Ball 1-0: Swinging Strike 1-1: Foul Ball, location: 2F 1-2: Ball 2-2: Ball 3-2: Foul Ball, location: 2F 3-2: Ground out 6-3 (Groundball, 6, EV 101.9 MPH)
|
Batting: RHB Jack Fimple
|
0-0: Ball 1-0: SOLO HOME RUN (Flyball, 7LD, EV 103.1 MPH), Distance : 350 ft
|
Batting: RHB Billy Beane
|
0-0: Called Strike 0-1: Fly out, F5 (Popup, 5SF, EV 71.3 MPH)
|
Top of the 12th over - 1 run, 1 hit, 0 errors, 0 left on base; Waterbury 3 - Elmira 2 |
BOTTOM OF THE 12TH |
Elmira Pioneers batting - Pitching for Waterbury Rough Riders : RHP John Maxson
|
Batting: LHB German Barranca
|
0-0: Called Strike 0-1: Foul Ball, location: 2F 0-2: Ball 1-2: Ball 2-2: Foul Ball, location: 2F 2-2: Strikes out swinging
|
Batting: RHB Ken Dowell
|
0-0: Ball 1-0: Ball 2-0: Foul Ball, location: 2F 2-1: SINGLE (Groundball, 34D, EV 93.8 MPH)
|
Batting: RHB Mark Wasinger
|
0-0: Ball 1-0: DOUBLE (Line Drive, 9LS, EV 95.6 MPH) Ken Dowell to third Runner from 3rd tries for Home, SAFE, throw by RF to home
|
Batting: RHB Richard Givens
|
0-0: Ball 1-0: Ball 2-0: SINGLE (Groundball, 6MD, EV 110.0 MPH) Mark Wasinger to third Runner from 3rd tries for Home, SAFE, throw by CF to home
|
Bottom of the 12th over - 2 runs, 3 hits, 0 errors, 0 left on base; Waterbury 3 - Elmira 4 |
|